XFBL
PITTSBURGH PIRATES @ HOUSTON ASTROS
07/15/1982
 
TOP OF THE 1ST
Pittsburgh Pirates batting - Pitching for Houston Astros : RHP Joe McIntosh
Pitching: RHP Joe McIntosh
Batting: RHB Dan Gladden 0-0: Ball
1-0: Called Strike
1-1: Foul Ball, location: 2F
1-2: Strikes out swinging
Batting: SHB Chili Davis 0-0: Foul Ball, location: 2F
0-1: Swinging Strike
0-2: Foul Ball, location: 2F
0-2: Foul Ball, location: 2F
0-2: Ball
1-2: Ball
2-2: Ball
3-2: Ground out 4-3 (Groundball, 4, EV 83.8 MPH)
Batting: RHB Rennie Stennett 0-0: Ball
1-0: Ball
2-0: Called Strike
2-1: SINGLE (Groundball, 56D, EV 103.8 MPH)
Batting: LHB Robert Lopez 0-0: Ball
1-0: Foul Ball, location: 2F
1-1: SINGLE (Groundball, 4MS, EV 73.1 MPH) (infield hit)
Rennie Stennett to second
Batting: LHB Greg Walker 0-0: Called Strike
0-1: Ball
1-1: SINGLE (Line Drive, 9S, EV 95.6 MPH)
Rennie Stennett to third
Robert Lopez to second
Runner from 3rd tries for Home, SAFE, throw by RF to home
Batting: RHB Mike C Brown 0-0: Ball
1-0: SINGLE (Groundball, 56D, EV 101.9 MPH)
Robert Lopez to third
Greg Walker to second
Runner from 3rd tries for Home, SAFE, throw by LF to home
Batting: SHB John Shelby 0-0: Called Strike
0-1: Ground out 6-3 (Groundball, P, EV 82.5 MPH)
Top of the 1st over - 2 runs, 4 hits, 0 errors, 2 left on base; Pittsburgh 2 - Houston 0
BOTTOM OF THE 1ST
Houston Astros batting - Pitching for Pittsburgh Pirates : RHP Rafael Santana
Pitching: RHP Rafael Santana
Batting: RHB Julio Franco 0-0: Swinging Strike
0-1: Ball
1-1: DOUBLE (Groundball, 3L, EV 111.3 MPH)
Batting: LHB Steve Kemp 0-0: Foul Ball, location: 2F
0-1: Ball
1-1: Foul Ball, location: 2F
1-2: Foul Ball, location: 2F
1-2: DOUBLE (Line Drive, 7LS, EV 111.3 MPH)
Julio Franco scores
Batting: RHB Zail Smith 0-0: Foul Ball, location: 2F
0-1: Ball
1-1: Fly out, F8 (Flyball, 8LD, EV 109.4 MPH)
Batting: RHB John Castino 0-0: Ball
1-0: Ball
2-0: Called Strike
2-1: Ball
Wild Pitch!
Steve Kemp to third
3-1: Fly out, F6 (Popup, 6M, EV 50.0 MPH)
Batting: SHB Christopher Clark 0-0: Ball
1-0: Ball
2-0: Ball
3-0: Called Strike
3-1: Called Strike
3-2: DOUBLE (Line Drive, 3D, EV 105.0 MPH)
Steve Kemp scores
Batting: LHB Jose Cruz 0-0: Ball
1-0: SINGLE (Groundball, 34D, EV 100.6 MPH)
Christopher Clark to third
Runner from 3rd tries for Home, SAFE, throw by RF to home
Batting: SHB Tom Herr 0-0: Ball
1-0: Foul Ball, location: 2F
1-1: Ball
2-1: Ball
3-1: Swinging Strike
3-2: SINGLE (Groundball, 56D, EV 100.0 MPH)
Jose Cruz to second
Jose Cruz to third
Batting: LHB Jerry Narron 0-0: Fly out, F8 (Flyball, 8LXD, EV 95.6 MPH)
Bottom of the 1st over - 3 runs, 5 hits, 0 errors, 2 left on base; Pittsburgh 2 - Houston 3
TOP OF THE 2ND
Pittsburgh Pirates batting - Pitching for Houston Astros : RHP Joe McIntosh
Batting: SHB Ron Oester 0-0: Ball
1-0: DOUBLE (Line Drive, 5D, EV 94.4 MPH)
Batting: RHB Rafael Santana 0-0: Foul Ball, location: 2F
0-1: Swinging Strike
0-2: Ball
1-2: Ball
2-2: Foul Ball, location: 2F
2-2: Strikes out swinging
Batting: RHB Dan Gladden 0-0: Ball
1-0: SINGLE (Line Drive, 8LS, EV 106.9 MPH)
Ron Oester to third
Runner from 3rd tries for Home, SAFE, throw by CF to home
Batting: SHB Chili Davis 0-0: Ball
1-0: Called Strike
1-1: Ball
Passed Ball!
Dan Gladden to second
2-1: Fly out, F4 (Line Drive, 4, EV 63.1 MPH)
Batting: RHB Rennie Stennett 0-0: Swinging Strike
0-1: Foul Ball, location: 2F
0-2: Ground out 5-3 (Groundball, 56S, EV 83.1 MPH)
Top of the 2nd over - 1 run, 2 hits, 0 errors, 1 left on base; Pittsburgh 3 - Houston 3
BOTTOM OF THE 2ND
Houston Astros batting - Pitching for Pittsburgh Pirates : RHP Rafael Santana
Batting: SHB Joe McIntosh 0-0: Called Strike
0-1: DOUBLE (Groundball, 3L, EV 97.5 MPH)
Batting: RHB Julio Franco 0-0: Ball
1-0: Called Strike
1-1: Foul Ball, location: 2F
1-2: DOUBLE (Line Drive, 78D, EV 106.9 MPH)
Joe McIntosh scores
Batting: LHB Steve Kemp 0-0: Ball
1-0: Bunt missed!
1-1: Ball
2-1: Bunt missed!
2-2: Ball
3-2: Fly out, F9 (Flyball, 89S, EV 78.8 MPH)
Batting: RHB Zail Smith 0-0: Called Strike
Julio Franco steals 3rd base
0-1: Foul Ball, location: 2F
0-2: Ball
1-2: Foul Ball, location: 2F
1-2: Fly out, F9 (Flyball, 9LM, EV 86.3 MPH)
Runner from 3rd tags up, SCORES, no throw by RF
Batting: RHB John Castino 0-0: Called Strike
0-1: Ball
1-1: SINGLE (Groundball, 5D, EV 106.3 MPH)
Batting: SHB Christopher Clark 0-0: Ball
John Castino is caught stealing 2nd base 2-6
Bottom of the 2nd over - 2 runs, 3 hits, 0 errors, 0 left on base; Pittsburgh 3 - Houston 5
TOP OF THE 3RD
Pittsburgh Pirates batting - Pitching for Houston Astros : RHP Joe McIntosh
Batting: LHB Robert Lopez 0-0: Ball
1-0: Fly out, F8 (Flyball, 8LM, EV 83.1 MPH)
Batting: LHB Greg Walker 0-0: Ball
1-0: SINGLE (Line Drive, 4MD, EV 103.8 MPH)
Batting: RHB Mike C Brown 0-0: Called Strike
0-1: Foul Ball, location: 2F
0-2: Ball
1-2: Foul Ball, location: 2F
1-2: Foul Ball, location: 2F
1-2: SINGLE (Groundball, 56D, EV 98.8 MPH)
Greg Walker to second
Batting: SHB John Shelby 0-0: Ground out 5-3 (Groundball, 5S, EV 71.3 MPH)
Greg Walker to third
Mike C Brown to second
Batting: SHB Ron Oester 0-0: Ball
1-0: Ball
2-0: Ball
3-0: Base on Balls
Batting: RHB Rafael Santana 0-0: Fly out, F9 (Line Drive, 9, EV 86.3 MPH)
Top of the 3rd over - 0 runs, 2 hits, 0 errors, 3 left on base; Pittsburgh 3 - Houston 5
BOTTOM OF THE 3RD
Houston Astros batting - Pitching for Pittsburgh Pirates : RHP Rafael Santana
Batting: SHB Christopher Clark 0-0: Called Strike
0-1: Foul Ball, location: 2F
0-2: Ground out 4-3 (Groundball, 4, EV 83.8 MPH)
Batting: LHB Jose Cruz 0-0: Called Strike
0-1: Hit by Pitch
Batting: SHB Tom Herr 0-0: Ball
1-0: Ball
2-0: Ball
3-0: Called Strike
3-1: Foul Ball, location: 2F
3-2: Base on Balls
Jose Cruz to second
Batting: LHB Jerry Narron 0-0: Called Strike
0-1: Foul Ball, location: 2F
0-2: Strikes out looking
Batting: SHB Joe McIntosh 0-0: Ball
1-0: Called Strike
1-1: Swinging Strike
1-2: Foul Ball, location: 2F
1-2: Ball
2-2: Foul Ball, location: 2F
2-2: Ball
3-2: Foul Ball, location: 2F
3-2: Strikes out swinging
Bottom of the 3rd over - 0 runs, 0 hits, 0 errors, 2 left on base; Pittsburgh 3 - Houston 5
TOP OF THE 4TH
Pittsburgh Pirates batting - Pitching for Houston Astros : RHP Joe McIntosh
Batting: RHB Dan Gladden 0-0: Called Strike
0-1: Ball
1-1: Ball
2-1: Ground out 4-3 (Groundball, 4, EV 103.8 MPH)
Batting: SHB Chili Davis 0-0: Foul Ball, location: 2F
0-1: Foul Ball, location: 2F
0-2: Fly out, F8 (Line Drive, 8LD, EV 93.8 MPH)
Batting: RHB Rennie Stennett 0-0: Called Strike
0-1: Ball
1-1: Swinging Strike
1-2: SINGLE (Line Drive, 89M, EV 95.6 MPH)
Batting: LHB Robert Lopez 0-0: Called Strike
Rennie Stennett steals 2nd base
0-1: Swinging Strike
0-2: Ball
1-2: Ball
2-2: Fly out, F7 (Flyball, 7LD, EV 93.8 MPH)
Top of the 4th over - 0 runs, 1 hit, 0 errors, 1 left on base; Pittsburgh 3 - Houston 5
BOTTOM OF THE 4TH
Houston Astros batting - Pitching for Pittsburgh Pirates : RHP Rafael Santana
Batting: RHB Julio Franco 0-0: Swinging Strike
0-1: Ball
1-1: Swinging Strike
1-2: Ball
2-2: Ball
3-2: SINGLE (Line Drive, 34D, EV 107.5 MPH)
Batting: LHB Steve Kemp 0-0: Ball
1-0: Ball
2-0: Called Strike
2-1: Ball
3-1: SINGLE (Groundball, 4D, EV 107.5 MPH)
Julio Franco to second
Batting: RHB Zail Smith 0-0: Fielders Choice at 2nd, 1-6 (Groundball, 13S, EV 71.9 MPH)
Julio Franco to third
Batting: RHB John Castino 0-0: Ball
1-0: Called Strike
1-1: SINGLE (Groundball, 3D, EV 103.1 MPH)
Julio Franco scores
Zail Smith to second
Runner from 2nd tries for 3rd, OUT! 9-5
John Castino to second
Pitching: RHP Jose Vasquez
Batting: SHB Christopher Clark 0-0: Called Strike
0-1: Called Strike
0-2: Ball
1-2: Strikes out looking
Bottom of the 4th over - 1 run, 3 hits, 0 errors, 1 left on base; Pittsburgh 3 - Houston 6
TOP OF THE 5TH
Pittsburgh Pirates batting - Pitching for Houston Astros : RHP Joe McIntosh
Batting: LHB Greg Walker 0-0: Called Strike
0-1: Foul Ball, location: 2F
0-2: SINGLE (Groundball, 4MD, EV 102.5 MPH)
Batting: RHB Mike C Brown 0-0: Ball
1-0: Ball
2-0: Foul Ball, location: 2F
2-1: Called Strike
2-2: Ball
3-2: Foul Ball, location: 2F
3-2: Base on Balls
Greg Walker to second
Batting: SHB John Shelby 0-0: Ball
1-0: Ball
2-0: Ball
3-0: Base on Balls
Greg Walker to third
Mike C Brown to second
Batting: SHB Ron Oester 0-0: SINGLE (Groundball, 4D, EV 101.9 MPH)
Greg Walker scores
Mike C Brown to third
John Shelby to second
Runner from 3rd tries for Home, SAFE, throw by RF to home
Batting: RHB Jose Vasquez 0-0: Ball
1-0: Sac Bunt to 25 - play at first, batter OUT! 5-4
John Shelby to third
Ron Oester to second
Batting: RHB Dan Gladden 0-0: Called Strike
0-1: Foul Ball, location: 2F
0-2: Strikes out swinging
Batting: SHB Chili Davis 0-0: Ball
1-0: Called Strike
1-1: Called Strike
1-2: Strikes out looking
Top of the 5th over - 2 runs, 2 hits, 0 errors, 2 left on base; Pittsburgh 5 - Houston 6
BOTTOM OF THE 5TH
Houston Astros batting - Pitching for Pittsburgh Pirates : RHP Jose Vasquez
Batting: LHB Jose Cruz 0-0: Ball
1-0: Ball
2-0: Ball
3-0: Called Strike
3-1: Base on Balls
Batting: SHB Tom Herr 0-0: Sac Bunt to 25 - play at first, batter OUT! 5-3
Jose Cruz to second
Batting: LHB Jerry Narron 0-0: Ball
1-0: Ball
2-0: Foul Ball, location: 2F
2-1: Ball
3-1: Called Strike
3-2: Strikes out swinging
Pinch Hitting: SHB Bill D Doran 0-0: Called Strike
0-1: Ball
1-1: Ball
2-1: Ground out U3 (Groundball, 34S, EV 89.4 MPH)
Bottom of the 5th over - 0 runs, 0 hits, 0 errors, 1 left on base; Pittsburgh 5 - Houston 6
TOP OF THE 6TH
Pittsburgh Pirates batting - Pitching for Houston Astros : RHP Joe McIntosh
Pitching: RHP Reggie Cleveland
Batting: RHB Rennie Stennett 0-0: Ground out 6-3 (Groundball, 6, EV 98.8 MPH)
Batting: LHB Robert Lopez 0-0: Called Strike
0-1: Called Strike
0-2: Strikes out swinging
Batting: LHB Greg Walker 0-0: Foul Ball, location: 2F
0-1: Swinging Strike
0-2: Fly out, F6 (Flyball, 6D, EV 70.6 MPH)
Top of the 6th over - 0 runs, 0 hits, 0 errors, 0 left on base; Pittsburgh 5 - Houston 6
BOTTOM OF THE 6TH
Houston Astros batting - Pitching for Pittsburgh Pirates : RHP Jose Vasquez
Batting: RHB Julio Franco 0-0: Fly out, F8 (Flyball, 89XD, EV 106.3 MPH)
Batting: LHB Steve Kemp 0-0: Ball
1-0: Ball
2-0: Foul Ball, location: 2F
2-1: Ball
3-1: SINGLE (Groundball, 34D, EV 101.3 MPH)
Batting: RHB Zail Smith 0-0: Ball
1-0: Foul Ball, location: 2F
1-1: Ball
2-1: Swinging Strike
2-2: Ball
3-2: SINGLE (Groundball, 34D, EV 102.5 MPH)
Steve Kemp to second
Runner from 2nd tries for 3rd, SAFE, no throw by RF
Batting: RHB John Castino 0-0: Ball
1-0: Foul Ball, location: 2F
1-1: Swinging Strike
1-2: Ball
Zail Smith steals 2nd base
2-2: Strikes out swinging
Batting: SHB Christopher Clark 0-0: Swinging Strike
0-1: Foul Ball, location: 2F
0-2: Foul Ball, location: 2F
0-2: Fly out, F8 (Line Drive, 8RM, EV 96.9 MPH)
Bottom of the 6th over - 0 runs, 2 hits, 0 errors, 2 left on base; Pittsburgh 5 - Houston 6
TOP OF THE 7TH
Pittsburgh Pirates batting - Pitching for Houston Astros : RHP Reggie Cleveland
Batting: RHB Mike C Brown 0-0: Ball
1-0: Fly out, F7 (Flyball, 7D, EV 105.6 MPH)
Batting: SHB John Shelby 0-0: Called Strike
0-1: Swinging Strike
0-2: Ball
1-2: Strikes out looking
Batting: SHB Ron Oester 0-0: Swinging Strike
0-1: Foul Ball, location: 2F
0-2: Strikes out swinging
Top of the 7th over - 0 runs, 0 hits, 0 errors, 0 left on base; Pittsburgh 5 - Houston 6
BOTTOM OF THE 7TH
Houston Astros batting - Pitching for Pittsburgh Pirates : RHP Jose Vasquez
Pitching: RHP Mark Lemongello
Now at SS: Alex Campos
Batting: LHB Jose Cruz 0-0: Foul Ball, location: 2F
0-1: Foul Ball, location: 2F
0-2: SINGLE (Groundball, 3D, EV 109.4 MPH)
Batting: SHB Tom Herr 0-0: Ball
1-0: Sac Bunt to 15 - play at first, batter OUT! 1-4
Jose Cruz to second
Batting: LHB Jerry Narron 0-0: Called Strike
0-1: Ball
1-1: Foul Ball, location: 2F
1-2: Ball
2-2: Foul Ball, location: 2F
2-2: Fly out, F3 (Flyball, 3D, EV 83.8 MPH)
Pinch Hitting: LHB George Vukovich 0-0: Ball
1-0: Ball
2-0: 2-RUN HOME RUN (Line Drive, 7D, EV 99.4 MPH), Distance : 391 ft
Batting: RHB Julio Franco 0-0: Ball
1-0: Fly out, F9 (Flyball, 9D, EV 98.1 MPH)
Bottom of the 7th over - 2 runs, 2 hits, 0 errors, 0 left on base; Pittsburgh 5 - Houston 8
TOP OF THE 8TH
Pittsburgh Pirates batting - Pitching for Houston Astros : RHP Reggie Cleveland
Pitching: LHP Mike Caldwell
Batting: LHB Alex Campos 0-0: Ground out 4-3 (Groundball, 4, EV 104.4 MPH)
Batting: RHB Dan Gladden 0-0: Foul Ball, location: 2F
0-1: Ball
1-1: Fly out, F4 (Popup, 4, EV 60.0 MPH)
Batting: SHB Chili Davis 0-0: Ball
1-0: Foul Ball, location: 2F
1-1: Ball
2-1: Foul Ball, location: 2F
2-2: Foul Ball, location: 2F
2-2: Ball
3-2: SOLO HOME RUN (Flyball, 78XD, EV 102.5 MPH), Distance : 430 ft
Batting: RHB Rennie Stennett 0-0: Ball
1-0: Foul Ball, location: 2F
1-1: SINGLE (Groundball, 4MD, EV 103.8 MPH)
Batting: LHB Robert Lopez 0-0: Fielders Choice at 2nd, 6-4 (Groundball, 6, EV 83.1 MPH)
Top of the 8th over - 1 run, 2 hits, 0 errors, 1 left on base; Pittsburgh 6 - Houston 8
BOTTOM OF THE 8TH
Houston Astros batting - Pitching for Pittsburgh Pirates : RHP Mark Lemongello
Batting: LHB Steve Kemp 0-0: Foul Ball, location: 2F
0-1: Ball
1-1: Fly out, F9 (Flyball, 9LD, EV 100.0 MPH)
Batting: RHB Zail Smith 0-0: Foul Ball, location: 2F
0-1: Ground out 5-3 (Groundball, 56S, EV 74.4 MPH)
Batting: RHB John Castino 0-0: Ground out 6-3 (Groundball, 6, EV 110.0 MPH)
Bottom of the 8th over - 0 runs, 0 hits, 0 errors, 0 left on base; Pittsburgh 6 - Houston 8
TOP OF THE 9TH
Pittsburgh Pirates batting - Pitching for Houston Astros : LHP Mike Caldwell
Batting: LHB Greg Walker 0-0: Ball
1-0: Called Strike
1-1: Foul Ball, location: 2F
1-2: Strikes out swinging, 2-3 out at first.
Batting: RHB Mike C Brown 0-0: Ball
1-0: Called Strike
1-1: Ball
2-1: DOUBLE (Groundball, 5L, EV 106.9 MPH)
Batting: SHB John Shelby 0-0: Ball
1-0: Foul Ball, location: 2F
1-1: Ball
2-1: Ball
3-1: SINGLE (Groundball, 5S, EV 72.5 MPH) (infield hit)
Mike C Brown to third
Pinch Hitting: LHB Terry Whitfield 0-0: Ball
1-0: Ball
2-0: Swinging Strike
2-1: Foul Ball, location: 2F
2-2: DOUBLE (Flyball, 8RXD, EV 100.0 MPH)
Mike C Brown scores
John Shelby to third
Runner from 3rd tries for Home, SAFE, no throw by CF
Batting: LHB Alex Campos 0-0: Called Strike
0-1: Ball
1-1: Ball
2-1: Fly out, F8 (Flyball, 8RM, EV 98.8 MPH)
Runner from 2nd tags up, SAFE at 3rd with throw by CF
Pitching: RHP Kevin Carr
Batting: RHB Dan Gladden 0-0: Foul Ball, location: 2F
0-1: Foul Ball, location: 2F
0-2: Ball
1-2: Foul Ball, location: 2F
1-2: Ball
2-2: Ball
3-2: Base on Balls
Batting: SHB Chili Davis 0-0: Ball
Dan Gladden steals 2nd base (no throw)
1-0: Foul Ball, location: 2F
1-1: Foul Ball, location: 2F
1-2: Ball
2-2: Ball
3-2: Foul Ball, location: 2F
3-2: SINGLE (Line Drive, 7LS, EV 98.8 MPH)
Terry Whitfield scores
Dan Gladden to third
Dan Gladden scores
Batting: RHB Rennie Stennett 0-0: Ball
1-0: Ball
2-0: Ball
3-0: Ground out 5-3 (Groundball, 5S, EV 80.6 MPH)
Top of the 9th over - 4 runs, 4 hits, 0 errors, 1 left on base; Pittsburgh 10 - Houston 8
BOTTOM OF THE 9TH
Houston Astros batting - Pitching for Pittsburgh Pirates : RHP Mark Lemongello
Pitching: RHP Mike Smithson
Batting: SHB Christopher Clark 0-0: Ball
1-0: Foul Ball, location: 2F
1-1: Ball
2-1: Ground out 6-3 (Groundball, 6, EV 84.4 MPH)
Batting: LHB Jose Cruz 0-0: Swinging Strike
0-1: Swinging Strike
0-2: Ball
1-2: Ball
2-2: Ball
3-2: Base on Balls
Batting: SHB Tom Herr 0-0: Foul Ball, location: 2F
0-1: Foul Ball, location: 2F
0-2: Ball
1-2: Ball
2-2: Reached on error, E1 (Groundball, 13, EV 70.0 MPH)
Jose Cruz to second
Batting: LHB Jerry Narron 0-0: Swinging Strike
0-1: Ball
1-1: Ball
2-1: Single, Error in OF, E7, batter to second base (Line Drive, 7S, EV 97.5 MPH)
Jose Cruz scores
Tom Herr to third
Pinch Hitting: RHB Dave Valle 0-0: SINGLE (Groundball, 5S, EV 68.8 MPH) (infield hit)
Tom Herr scores
Jerry Narron to third
Batting: RHB Julio Franco 0-0: Ball
1-0: Ball
2-0: SINGLE (Groundball, 56, EV 99.4 MPH)
Jerry Narron scores
Bottom of the 9th over - 3 runs, 3 hits, 2 errors, 0 left on base; Pittsburgh 10 - Houston 11
Friday, August 14th, 2020 - OOTP Baseball 21.5 Build 76